Map: Invader LE

Players

Deadel - Winner!

  • Race: Terran Terran
  • League: Gold

capac

  • Race: Terran Terran
  • League: Gold

VOD

Have the link to the VOD?

Description

Time

  • Played on: April 18, 2016, 1:35 p.m.
  • Length: 14:57
Show
View Real Time Build Order
Export as new Build Order

Deadel Terran - Winner!

Build Orders: MMM Bio 

Get SALT Encoding   

  12  0:01  SCV  
  13  0:13  SCV  
  14  0:19  Supply Depot  
  14  0:25  SCV  
  15  0:40  SCV  
  15  0:41  Barracks  
  16  0:48  Refinery  
  16  0:52  SCV  
  17  1:04  SCV  
  18  1:16  SCV  
  19  1:30  Orbital Command  
  19  1:31  Refinery  
  19  1:35  Barracks  
  19  1:40  Supply Depot  
  19  1:52  Factory  
  19  1:55  SCV  
  20  2:05  Barracks Tech Lab  
  20  2:07  SCV  
  21  2:19  SCV  
  21  2:23  Marine  
  21  2:24  Marine  
  23  2:32  SCV  
  24  2:47  Command Center  
  24  2:49  SCV  
  25  2:55  Barracks Reactor  
  25  3:01  SCV  
  26  3:05  Starport  
  26  3:10  Factory Tech Lab  
  26  3:13  SCV  
  27  3:23  Engineering Bay  
  27  3:25  SCV  
  28  3:32  Supply Depot  
  28  3:35  Marine x2  
  28  3:39  Marine  
  31  3:43  Stimpack  
  31  3:46  Starport Reactor  
  31  3:55  Missile Turret  
  31  3:57  Marine x2  
  31  4:01  Missile Turret  
  33  4:08  Marine  
  34  4:13  SCV  
  34  4:15  Siege Tank  
  38  4:24  Missile Turret  
  38  4:25  SCV  
  39  4:37  SCV  
  40  4:40  Orbital Command  
  40  4:44  Medivac  
  42  4:49  SCV  
  42  4:50  Supply Depot  
  43  4:57  Siege Tank  
  46  5:02  SCV  
  47  5:12  Supply Depot  
  47  5:14  SCV  
  47  5:19  SCV  
  49  5:23  Marine  
  49  5:25  Marine  
  49  5:26  SCV  
  49  5:28  Marine  
  52  5:31  Terran Infantry Weapons Level 1, SCV  
  54  5:38  SCV  
  54  5:39  Barracks  
  54  5:41  Marine  
  56  5:43  SCV  
  56  5:46  Medivac  
  56  5:47  Medivac  
  61  5:51  Marine x2  
  63  5:58  SCV x2  
  63  6:03  Refinery  
  65  6:10  SCV x2  
  65  6:11  Armory  
  67  6:16  Medivac  
  69  6:19  Missile Turret  
  69  6:22  SCV  
  69  6:23  Supply Depot  
  70  6:26  Supply Depot  
  70  6:37  Barracks Reactor  
  70  6:42  Missile Turret  
  70  6:44  Marine x3  
  70  6:45  Siege Tank, SCV x2  
  70  6:46  Supply Depot  
  78  6:51  Supply Depot  
  78  6:57  SCV x2  
  80  7:07  Marauder, Marine x2  
  84  7:11  Terran Vehicle And Ship Armor Level 1  
  84  7:15  Engineering Bay, Marine x2  
  86  7:22  Supply Depot  
  86  7:25  Terran Infantry Armor Level 1, Marine x2  
  86  7:28  Marine  
  89  7:31  Refinery  
  89  7:32  Marine  
  89  7:33  Marine  
  91  7:43  Marine, Command Center  
  92  7:48  Marine x2  
  92  7:50  Marine x2, Medivac x2  
  100  7:52  Siege Tank  
  103  8:00  Terran Infantry Weapons Level 2  
  103  8:03  Supply Depot  
  103  8:04  Supply Depot  
  103  8:07  Combat Shields  
  103  8:13  SCV  
  103  8:14  SCV  
  103  8:15  Marine x2  
  103  8:16  Marine  
  103  8:17  Marine  
  103  8:19  Marine  
  110  8:25  SCV  
  110  8:26  SCV  
  112  8:38  Supply Depot, SCV x2  
  112  8:40  Marine x3  
  112  8:41  Marine  
  118  8:46  Supply Depot  
  118  9:20  SCV  
  118  9:21  SCV  
  120  9:29  Terran Infantry Armor Level 2  
  120  9:33  Terran Vehicle Weapons Level 1, SCV x2  
  120  9:36  Marine, Siege Tank  
  120  9:37  Marine x4  
  130  9:44  Barracks  
  130  9:47  Barracks  
  130  9:51  Medivac x2  
  134  9:53  Supply Depot  
  134  9:54  Marine x2  
  134  9:56  Supply Depot  
  136  10:06  SCV x2  
  139  10:10  Planetary Fortress  
  138  10:18  SCV  
  139  10:43  Marine x5  
  139  10:44  Siege Tank  
  147  11:00  Marine  
  147  11:21  Marine x5  
  147  11:25  Siege Tank  
  155  11:38  Marine  
  155  11:39  Marine x4  
  153  11:56  Marine  
  127  12:08  Marine x2  
  127  12:09  Marine x2  
  127  12:14  Marine  
  127  12:15  Barracks Reactor  
  129  12:20  Medivac  
  129  12:21  Barracks Tech Lab, Medivac  
  127  12:26  Marine x3  
  127  12:27  Marine  
  129  12:32  Marine  
  130  12:44  Marine x3  
  130  12:49  Marine  
  130  12:50  Marine  
  133  12:54  Marauder, Marine x2  
  135  13:02  Marine x3  
  131  13:15  Marine x2  
  131  13:16  Marine x2  
  126  13:24  Marine x4  
  126  13:26  Siege Tank, Medivac  
  135  13:27  Medivac  
  135  13:33  Marine x3  
  140  13:44  Command Center  
  140  13:56  Viking  
  140  13:57  Viking  
  144  14:26  Viking  
Show
View Real Time Build Order
Export as new Build Order

capac Terran 

Build Orders: Reaper Expand, MMM Bio 

Get SALT Encoding   

  12  0:00  SCV  
  13  0:12  SCV  
  14  0:18  Supply Depot  
  14  0:25  SCV  
  15  0:40  SCV  
  15  0:42  Barracks  
  16  0:46  Refinery  
  16  0:52  SCV  
  17  1:04  SCV  
  18  1:16  SCV  
  19  1:29  Orbital Command  
  19  1:31  Reaper  
  20  1:43  Command Center  
  20  1:53  Supply Depot  
  20  2:02  SCV  
  20  2:03  Marine  
  22  2:14  Factory  
  22  2:27  SCV  
  23  2:33  Refinery  
  23  2:34  Barracks Reactor  
  23  2:39  SCV  
  23  2:43  Barracks  
  24  2:51  SCV  
  25  3:03  SCV  
  25  3:05  Factory Tech Lab  
  25  3:08  Engineering Bay  
  25  3:11  Orbital Command  
  25  3:16  SCV  
  26  3:24  Siege Tank  
  29  3:28  SCV  
  30  3:37  Starport  
  30  3:40  SCV  
  31  3:49  SCV  
  31  3:51  Missile Turret  
  31  3:55  Marine x2  
  34  3:56  Barracks Tech Lab  
  34  4:10  SCV  
  34  4:13  Marine x2  
  37  4:17  Missile Turret  
  37  4:19  Marine  
  37  4:21  Medivac, Stimpack  
  40  4:31  Marine, SCV x2  
  43  4:37  Siege Tank  
  46  4:49  Supply Depot x2  
  46  4:52  Starport Reactor  
  46  4:59  Refinery  
  46  5:00  Refinery  
  46  5:08  Barracks  
  46  5:10  Marine x2, SCV x2  
  46  5:14  Supply Depot  
  50  5:20  Marine  
  51  5:22  SCV x2  
  51  5:28  Marine x2, Medivac x2  
  59  5:34  SCV x2  
  61  5:39  Missile Turret  
  61  5:41  Terran Infantry Weapons Level 1  
  61  5:47  SCV x2  
  63  5:52  Marine x3  
  66  5:57  Barracks Tech Lab  
  66  5:58  Barracks  
  66  5:59  SCV x2  
  66  6:00  Barracks Reactor  
  68  6:07  Supply Depot  
  68  6:09  Marine  
  68  6:10  Marine  
  70  6:18  Missile Turret  
  70  6:27  Combat Shields  
  70  6:28  Marine x2, Siege Tank, SCV x2  
  77  6:33  Supply Depot  
  77  6:34  Supply Depot  
  77  6:38  Marine  
  78  6:44  Marine x2  
  78  6:46  Marine x2  
  82  6:56  Marine  
  83  7:01  Barracks Reactor  
  83  7:02  Marine x2  
  83  7:04  Marine x2  
  87  7:13  Marine  
  88  7:17  Viking  
  88  7:18  Viking  
  88  7:20  Marine x2, SCV x2  
  88  7:21  Marine  
  97  7:24  Supply Depot  
  97  7:27  Marine  
  98  7:32  SCV  
  100  7:37  SCV  
  100  7:42  Barracks  
  100  7:44  SCV  
  101  7:51  Viking  
  101  7:52  Viking  
  105  8:08  Command Center  
  105  8:10  SCV  
  105  8:11  SCV  
  107  8:21  Supply Depot  
  107  8:22  Supply Depot  
  107  8:25  Terran Infantry Armor Level 1  
  107  8:26  Siege Tank  
  110  8:43  Marine x6  
  110  8:45  Barracks Reactor  
  110  8:46  Supply Depot  
  116  8:58  Supply Depot  
  116  9:00  Siege Tank  
  119  9:02  Medivac  
  119  9:03  Medivac  
  123  9:10  Marine x4  
  123  9:12  Starport, SCV  
  128  9:35  Missile Turret  
  128  9:44  Medivac x2  
  132  9:50  Marine  
  132  9:51  Marine x6  
  132  9:52  Marine  
  140  9:54  Siege Tank  
  143  10:10  Missile Turret  
  143  10:13  Marine  
  143  10:14  Marine x5  
  149  10:35  Viking x2  
  153  10:38  Starport Reactor  
  153  10:40  Starport  
  153  10:47  Supply Depot  
  36  12:06  Liberator  
  36  12:07  Liberator x2  
  40  12:31  Marine x2  
  40  12:32  Marine x4  
  42  12:48  Liberator  
  24  13:19  Orbital Command  
  24  13:24  SCV  
  25  13:36  SCV  
  25  13:37  Marine x2  
  25  13:38  Marine x3  
  25  13:39  Marine  
  25  13:40  Siege Tank  
  35  13:46  SCV  
  36  13:48  SCV  
  36  13:55  Command Center  
  36  13:58  SCV  
  36  14:00  SCV  
  36  14:02  Marine x3  
  41  14:10  SCV  
  41  14:12  SCV  
  43  14:18  Missile Turret  
  43  14:22  SCV  
  44  14:24  SCV  
Tags
 
Composition
MMM BioMMM Bio
League
GoldGold
Matchup
TvT
Race
Terran
Add a new tag
Caveats
  • Supply blocks, unpowered buildings, or Contaminate may cause inaccurate times.
  • Supply counts are checked every 10 seconds.